 Dungeon Crawl Stone Soup version 0.22-a0-785-g6253c82ace (webtiles) character file.

130 Holzbalken the Slasher (level 4, -6/33 HPs)
             Began as a Vampire Gladiator on July 20, 2018.
             Killed from afar by an orc wizard (13 damage)
             ... with a puff of flame
             ... on level 3 of the Dungeon.
             The game lasted 00:08:13 (3762 turns).

Holzbalken the Slasher (Vampire Gladiator)          Turns: 3762, Time: 00:08:16

Health: -6/33      AC:  4    Str: 13    XL:     4   Next: 90%
Magic:  4/4        EV: 14    Int: 15    God:
Gold:   96         SH:  0    Dex: 16    Spells: 3/3 levels left

rFire    . . .     SeeInvis +   a - +0 long sword
rCold    + . .     Gourm    .   (no shield)
rNeg     + + .     Faith    .   b - +0 leather armour
rPois    +         Spirit   .   c - +0 helmet
rElec    .         Reflect  .   (no cloak)
rCorr    .         Harm     .   (no gloves)
MR       +....                  (no boots)
Stlth    ++........             (no amulet)
HPRegen  0.05/turn              m - ring of wizardry
MPRegen  0.09/turn              q - ring of protection from magic

@: brilliant, regenerating slowly
A: fangs 3, see invisible, unbreathing
a: Bat Form


You were on level 3 of the Dungeon.
You were thirsty.

You visited 1 branch of the dungeon, and saw 3 of its levels.

You collected 96 gold pieces.

Inventory:

Hand Weapons
 a - a +0 long sword (weapon)
 p - a cursed -2 short sword
Missiles
 d - 3 throwing nets (quivered)
Armour
 b - a +0 leather armour (worn)
 c - a +0 helmet (worn)
Jewellery
 m - a ring of wizardry (left hand)
 q - a ring of protection from magic (right hand)
Scrolls
 f - 3 scrolls of remove curse {unknown}
 g - 5 scrolls of identify {unknown}
 o - a scroll of immolation {unknown}
 r - a scroll of enchant armour {unknown}
Potions
 e - 8 potions of blood
 h - 2 potions of flight {unknown}
 i - 2 potions of curing
 j - a potion of ambrosia {unknown}
 k - a potion of might {unknown}
 l - a potion of brilliance
 n - a potion of resistance {unknown}


   Skills:
 - Level 1.7 Fighting
 * Level 4.9 Long Blades
 - Level 1.5 Throwing
 + Level 4.4 Dodging


You had 3 spell levels left.
You didn't know any spells.
Your spell library was empty.

Dungeon Overview and Level Annotations

Branches:
Dungeon (3/15)

Altars:
Trog
Wu Jian
Zin


Innate Abilities, Weirdness & Mutations

You heal slowly.
You have razor-sharp teeth.
You have supernaturally acute eyesight. (SInv)
You can survive without breathing.


Message History

The orc wizard is severely wounded.
The orc wizard hits you with a dagger.
* * * LOW HITPOINT WARNING * * *
You closely miss the orc wizard. Your bite misses the orc wizard.
The orc wizard is severely wounded.
The orc wizard hits you but does no damage.
You hit the orc wizard but do no damage.
The orc wizard is severely wounded.
The orc wizard hits you but does no damage.
You barely miss the orc wizard.
The orc wizard is severely wounded.
The orc wizard barely misses you. The orc wizard hits you with a dagger.
* * * LOW HITPOINT WARNING * * *
It was a potion of brilliance.
You feel clever all of a sudden.
The orc wizard mumbles some strange words.
The orc wizard blinks!
The orc wizard points at you and mumbles some strange words.
The puff of flame hits you!
You die...

#.............#......
##.######............
#.# #######...... #.#
#...... #.###
###.....# #.#ยง.
.......... #.#o#
########## #.#o#
#.#######. #.#@#
#.........
#.#o########.######.
#...#...............
#####.#####.......##
#.#...........##
#.#..##.#.......
#.#<..#.'......#
#.#######......#
#...........#..#


You could see 3 orc wizards.

Vanquished Creatures
  Natasha (thrice) (D:3)
  An adder (D:3)
  2 worms
  2 dart slugs
  An orc (D:3)
  A giant cockroach (D:1)
  2 goblins
  3 hobgoblins
  6 jackals (D:3)
  5 kobolds
  7 bats
  3 frilled lizards
  6 rats
42 creatures vanquished.

Notes
Turn   | Place    | Note
-------+----------+-------------------------------------------
     0 | D:1      | Holzbalken the Vampire Gladiator began the quest for the Orb.
     0 | D:1      | Reached XP level 1. HP: 16/16 MP: 1/1
   446 | D:1      | Reached XP level 2. HP: 16/22 MP: 2/2
  1084 | D:2      | Found a bloodstained altar of Trog.
  1203 | D:2      | Found an ornate altar of the Wu Jian Council.
  1578 | D:2      | Found a glowing silver altar of Zin.
  1814 | D:3      | Noticed an ice beast
  2134 | D:3      | Reached XP level 3. HP: 26/27 MP: 3/3
  2228 | D:3      | Noticed Natasha
  2236 | D:3      | Killed Natasha
  2681 | D:3      | Noticed Natasha
  2704 | D:3      | Killed Natasha
  2704 | D:3      | Reached XP level 4. HP: 21/33 MP: 4/4
  3035 | D:3      | Noticed Natasha
  3043 | D:3      | Killed Natasha
  3762 | D:3      | Killed from afar by an orc wizard

Vault maps used:
D:1:      arrival_zaba_pyramid
D:2:      bloody_trog, lemuel_doored_altar, lemuel_coloured_pillars_altar,
          first_ration
D:3:      marbit_many_paths, uniq_natasha

Skill      XL: |  1  2  3 |
---------------+----------+-----
Long Blades    | 4 |  4.9
Dodging        | 4 |  4.4
Fighting       | |  1.7
Throwing       | |  1.5

Action                   |  1- 3 |  4- 6 || total
-------------------------+-------+-------++-------
Melee: Long sword        |    83 |    65 ||   148
       Bite              |    10 |    12 ||    22
  Use: Potion            |     3 |     5 ||     8
 Stab: Sleeping          |     4 |       ||     4
Armor: Leather armour    |    21 |    20 ||    41
Dodge: Dodged            |    68 |    67 ||   135
       Rpst.: Long sword |    22 |    22 ||    44

Table legend:
 A = Spawn XP
 B = Non-spawn XP
 C = Spawn XP percentage of total XP
 D = Spawn monster count
 E = Non-spawn monster count
 F = Spawn count percentage of total count
 G = Total turns spent on level
                    A         B        C        D         E        F      G
               +---------+---------+-------+---------+---------+-------+---------
         Total |       0 |     187 |   0.0 |       0 |      42 |   0.0 |  3762
               +---------+---------+-------+---------+---------+-------+---------
           D:1 |       0 |      15 |   0.0 |       0 |      10 |   0.0 |   956
           D:2 |       0 |      24 |   0.0 |       0 |      14 |   0.0 |  1025
           D:3 |       0 |     148 |   0.0 |       0 |      18 |   0.0 |  1781
               +---------+---------+-------+---------+---------+-------+---------
